AoeStats
← OM | Kerry Copyto

African Clearing

506578913Analyzed
4v4 RM · 19d ago on Sep 14, 2026· 54m 15s· 8 players
Game mode
Random Map
Map size
Large (8 player)
Population
200
Speed
Normal
Resources
Standard
Victory
Conquest
Starting age
Dark Age
Ending age
Imperial Age
RankedLock teamsTeams togetherTeam positionsShared explorationLock speedFull tech treeHidden civsTurbo modeCheats
Victory
Defeat
🇧🇷 Burgundians · Brazil
1420
+15
🇦🇷 Celts · Argentina
1393
+16
🇭🇰 Lithuanians · Hong Kong SAR China
1342
+18
🇲🇽 Mongols · Mexico
1316
+18
🇲🇽 Vietnamese · Mexico
1417
-18
🇺🇸 Berbers · United States
1408
-18
🇲🇽 Franks · Mexico
1373
-16
🇲🇽 Armenians · Mexico
1339
-15
OM | Massiosare
5:47 Loom
12:15 Feudal Age
12:21 Man-at-Arms
18:21 Arson
19:32 Long Swordsman
24:55 Forging
24:46 Scale Mail Armor
28:54 Castle Age
28:59 Two-Handed Swordsman
29:25 Gambesons
29:41 Squires
30:18 Iron Casting
31:04 Chain Mail Armor
43:48 Pikeman
45:43 Fletching
46:35 Padded Archer Armor
48:25 Leather Archer Armor
jsvothrowaway
2:56 Loom
12:08 Feudal Age
12:55 Double-Bit Axe
18:16 Wheelbarrow
21:16 Castle Age
19:37 Horse Collar
19:50 Stone Mining
20:32 Gold Mining
22:12 Bow Saw
22:22 Bow Saw
22:16 Heavy Plow
23:12 Bloodlines
23:03 Husbandry
24:49 Fletching
25:52 Bodkin Arrow
32:35 Hand Cart
32:47 Padded Archer Armor
33:56 Scale Barding Armor
34:01 Forging
38:27 Imperial Age
37:23 Ballistics
37:11 Thumb Ring
37:17 Kasbah
38:52 Heavy Camel Rider
40:33 Iron Casting
40:56 Chain Barding Armor
43:32 Plate Barding Armor
45:43 Blast Furnace
44:43 Bracer
45:49 Chemistry
OM | Kerry Copyto
5:38 Loom
13:28 Feudal Age
13:59 Double-Bit Axe
16:19 Fletching
16:30 Padded Archer Armor
25:57 Castle Age
26:20 Town Watch
26:35 Crossbowman
27:49 Bodkin Arrow
29:26 Bow Saw
31:16 Ballistics
33:15 Leather Archer Armor
35:54 Thumb Ring
40:44 Murder Holes
50:26 Wheelbarrow
OM | Romeo D. Sins
2:47 Loom
12:26 Feudal Age
13:01 Double-Bit Axe
15:48 Gold Mining
16:03 Fletching
22:44 Castle Age
23:56 Bow Saw
24:06 Scale Mail Armor
24:17 Forging
37:51 Imperial Age
35:57 Scale Barding Armor
36:27 Iron Casting
42:23 Chain Mail Armor
43:16 Blast Furnace
42:44 Gambesons
44:06 Plate Mail Armor
43:24 Arson
43:42 Squires
Seifer
4:07 Loom
10:59 Feudal Age
11:51 Double-Bit Axe
16:59 Castle Age
17:17 Horse Collar
17:56 Bow Saw
18:43 Heavy Plow
23:29 Wheelbarrow
23:26 Town Watch
25:17 Hand Cart
26:35 Gold Mining
27:56 Gold Shaft Mining
30:55 Imperial Age
29:34 Scale Barding Armor
29:39 Forging
30:45 Chain Barding Armor
30:57 Bloodlines
30:48 Husbandry
31:11 Light Cavalry
32:30 Iron Casting
31:20 Capped Ram
32:02 Hussar
33:25 Coinage
34:33 Blast Furnace
37:09 Banking
39:10 Heavy Camel Rider
42:24 Siege Engineers
45:33 Siege Ram
50:06 Stone Mining
逆·风
4:32 Loom
6:49 Double-Bit Axe
14:37 Wheelbarrow
16:43 Feudal Age
15:31 Fishing Lines
15:44 Gold Mining
18:06 Bow Saw
20:24 Castle Age
18:30 Stone Mining
18:31 Horse Collar
20:11 Gillnets
20:38 Town Watch
28:28 Cavalier
31:07 Two-Man Saw
30:10 Heavy Plow
30:38 Scale Barding Armor
30:35 Husbandry
30:29 Fletching
31:47 Chain Barding Armor
32:00 Forging
32:53 Hand Cart
33:36 Crop Rotation
36:57 Imperial Age
34:51 Light Cavalry
37:37 Gold Shaft Mining
37:38 Stone Shaft Mining
37:42 Coinage
38:03 Conscription
37:28 Paladin
38:55 Plate Barding Armor
39:27 Treadmill Crane
40:09 Ballistics
40:32 Iron Casting
44:41 Blast Furnace
46:01 Bodkin Arrow
47:39 Banking
47:35 Bracer
50:41 Chemistry
49:31 Arrowslits
49:57 Masonry
49:50 Scale Mail Armor
49:50 Padded Archer Armor
50:54 Hoardings
50:15 Elite Coustillier
51:05 Burgundian Vineyards
51:48 Chain Mail Armor
51:49 Leather Archer Armor
50:55 Pikeman
51:36 Squires
53:18 Architecture
53:04 Caravan
53:15 Guilds
54:14 Town Patrol
54:48 Plate Mail Armor
54:41 Bombard Tower
KanA
11:37 Loom
13:22 Feudal Age
17:35 Fletching
22:40 Wheelbarrow
27:02 Double-Bit Axe
26:57 Horse Collar
27:08 Gold Mining
35:49 Stone Mining
40:10 Castle Age
39:24 Padded Archer Armor
39:25 Scale Mail Armor
39:36 Forging
44:38 Imperial Age
42:57 Chain Mail Armor
45:36 Hand Cart
45:52 Elite Woad Raider
48:03 Plate Mail Armor
48:40 Iron Casting
48:20 Furor Celtica
48:31 Conscription
49:24 Gambesons
49:25 Arson
51:50 Blast Furnace
54:11 Bow Saw
54:02 Heavy Plow
54:38 Gold Shaft Mining
54:39 Stone Shaft Mining
武帝曹操
2:51 Loom
13:16 Feudal Age
18:37 Castle Age
17:24 Double-Bit Axe
21:06 Scale Barding Armor
23:55 Chain Barding Armor
33:22 Stone Mining
57:18 Imperial Age
55:27 Wheelbarrow
Connection lost

Rejoining the realm…

Still unreachable

The connection could not be restored.

Session expired

The server has moved on; the page needs a fresh start.